 Dungeon Sprint DCSS version 0.17-a0-1210-g1e4f09d (webtiles) character file.

70 nuthulu the Skirmisher (level 4, 0/43 HPs)
             Began as a Troll Fighter on June 3, 2015.
             Slain by a water elemental (8 damage)
             ... in the Dungeon (Sprint III: "The Ten Rune Challenge").
             The game lasted 00:01:31 (259 turns).

nuthulu the Skirmisher (Troll Fighter)               Turns: 259, Time: 00:01:31

Health: 0/43       AC:  7    Str: 25    XL:     4   Next: 3%
Magic:  3/3        EV: 15    Int:  4    God:
Gold:   19         SH: 11    Dex: 14    Spells: 0 memorised, 3 levels left

rFire  . . .     SeeInvis .       - Unarmed
rCold  . . .     Clarity  .     a - +0 robe
rNeg   . . .     SustAt   .     b - +0 shield
rPois  .         Gourm    +     (helmet restricted)
rElec  .         Spirit   .     (no cloak)
rCorr  .         Warding  .     (gloves unavailable)
rMut   .         NoTele   +     (boots unavailable)
MR     .....                    (no amulet)
Stlth  ++........               (no ring)
                                (no ring)

@: agile, engulfed (cannot breathe), not resistant to hostile enchantments,
unstealthy
A: unfitting armour, claws 3, large bone plates 1, fast metabolism 3, frail 1,
gourmand, regeneration 2, screaming 1, shaggy fur 1, tough skin 2
a: no special abilities


You were in the Dungeon.
You were full.

You visited 1 branch You collected 19 gold pieces.

Inventory:

Armour
 a - a +0 robe (worn)
 b - a +0 shield (worn)
Scrolls
 j - a scroll of blinking
 l - 3 scrolls of identify {unknown}
 m - a scroll of holy word {unknown}
 n - 4 scrolls of remove curse
 r - a scroll of torment {unknown}
Potions
 c - a potion of might
 e - a potion of curing
 f - a potion of heal wounds
 g - a potion of haste
 h - 2 potions of magic
Comestibles
 d - 2 bread rations
 k - 2 fruits
 o - 2 meat rations


   Skills:
 * Level 4.2 Fighting
 * Level 1.9 Armour
 * Level 4.1 Dodging
 + Level 0.1 Stealth
 * Level 3.6 Shields
 * Level 3.5 Unarmed Combat


You had 3 spell levels left.
You didn't know any spells.

Dungeon Overview and Level Annotations

Branches:
Dungeon (1/1)

Altars:


Innate Abilities, Weirdness & Mutations

You are too large for most types of armour.
You have claws for hands.
Your metabolism is lightning-fast.
You like to eat raw meat.
You heal very quickly.
You are covered in fur (AC +1).
You have very tough skin (AC +2).
You are partially covered in large bone plates (AC +2, SH +2).
You are frail (-10% HP).
You occasionally shout uncontrollably at your foes.


Message History

The water elemental hits you.
The water elemental engulfs you in water!
You scratch the water elemental but do no damage.
The water elemental is lightly damaged.
Your lungs strain for air!
You block the water elemental's attack. The water elemental barely misses you.
You scratch the water elemental but do no damage.
The water elemental is lightly damaged.
Your lungs strain for air!
You block the water elemental's attack.
You claw the water elemental!
The water elemental is heavily damaged.
Your lungs strain for air!
The water elemental hits you!
You scratch the water elemental.
The water elemental is severely damaged.
* * * LOW HITPOINT WARNING * * *
Your lungs strain for air!
The water elemental hits you!
You die...

▓▓▓▓▓▓▓ ▓▓▓ ..#...####
##.# ..#......#####..#
.##.......#..#..#
#.##.##...#..#..###+#+##
#.##.###..##'#..#.......
.####.##..###...@E⌠.....
###..##..####...#...####
.....##..###....#.⌠.#
##..##.[.##.....#...#
#..##....#......#+###
..###..##.#.....# ..#
#.. ####....# ▓▓▓ ▓▓▓
▓▓▓▓▓▓


You could see a water elemental.

Vanquished Creatures
  Jessica (D)
  A wolf (D)
  A human (D)
  3 rats (D)
6 creatures vanquished.

Vanquished Creatures (others)
  A yaktaur (D)
1 creature vanquished.

Grand Total: 7 creatures vanquished

Notes
Turn   | Place    | Note
--------------------------------------------------------------
     0 | D        | nuthulu the Troll Fighter began the quest for the Orb.
     0 | D        | Reached XP level 1. HP: 22/22 MP: 0/0
    64 | D        | Killed a yaktaur
    66 | D        | Noticed Jessica
    72 | D        | Killed Jessica
    72 | D        | Reached skill level 3 in Fighting
    72 | D        | Reached skill level 1 in Armour
    72 | D        | Reached XP level 2. HP: 22/31 MP: 1/1
    92 | D        | Noticed a wolf
   118 | D        | Reached XP level 3. HP: 15/37 MP: 2/2
   121 | D        | HP: 2/55 [wolf (6)]
   124 | D        | Killed a wolf
   124 | D        | Reached skill level 4 in Fighting
   124 | D        | Reached XP level 4. HP: 3/48 MP: 3/3
   211 | D        | Gained mutation: You have large cloven feet. [potion of mutation]
   211 | D        | Gained mutation: You possess an exceptional clarity of mind. [potion of mutation]
   212 | D        | Gained mutation: You are somewhat resistant to further mutation. [potion of mutation]
   212 | D        | Gained mutation: You are partially covered in large bone plates (AC +2, SH +2). [potion of mutation]
   213 | D        | Gained mutation: You occasionally shout uncontrollably at your foes. [potion of mutation]
   214 | D        | Gained mutation: You are frail (-10% HP). [potion of mutation]
   217 | D        | Lost mutation: You are somewhat resistant to further mutation. [potion of cure mutation]
   217 | D        | Lost mutation: You possess an exceptional clarity of mind. [potion of cure mutation]
   217 | D        | Lost mutation: You have large cloven feet. [potion of cure mutation]
   253 | D        | Noticed a water elemental
   259 | D        | Slain by a water elemental

Vault maps used:
D:        dungeon_sprint_mu

Action                   |  1- 3 |  4- 6 || total
-------------------------+-------+-------++-------
Melee: Unarmed           |    37 |     5 ||    42
  Use: Potion            |     1 |     7 ||     8
  Eat: Chunk             |     6 |       ||     6
